 Dungeon Sprint DCSS version 0.28-a0-1236-gb25a51b929 (webtiles) character file.

Game seed: 8732256104790377390

14989 rocky1 the Tortoise (level 11, -17/169 HPs)
             Began as a Minotaur Fighter on Dec 26, 2021.
             Was the Champion of Okawaru.
             Killed from afar by a deep elf knight (48 damage)
             ... with a shard of ice
             ... in the Dungeon (Sprint VII: "The Pits").
             The game lasted 00:21:08 (5252 turns).

rocky1 the Tortoise (Minotaur Fighter)              Turns: 5252, Time: 00:21:09

Health: -17/169    AC: 17    Str: 23    XL:     11   Next: 96%
Magic:  15/15      EV: 15    Int:  7    God:    Okawaru [******]
Gold:   37         SH:  5    Dex: 10    Spells: 10/10 levels left

rFire   . . .      SeeInvis .   p - +2 scimitar (holy)
rCold   . . .      Faith    .   c - +0 buckler
rNeg    . . .      Spirit   .   u - +4 scale mail
rPois   .          Reflect  .   (helmet restricted)
rElec   .          Harm     .   t - +0 cloak
rCorr   .          Rampage  .   (no gloves)
Will    +....      NoTele   +   s - +0 pair of boots
Stlth   ..........              (no amulet)
HPRegen 0.38/turn               (no ring)
MPRegen 0.14/turn               (no ring)

@: berserking (expiring), very quick
A: horns 2, retaliatory headbutt, strong-willed 1
a: Renounce Religion, Heroism, Finesse


You were in the Dungeon.
You worshipped Okawaru.
Okawaru was exalted by your worship.
You visited 1 branch You collected 37 gold pieces.

Inventory:

Hand Weapons
 p - a +2 scimitar of holy wrath (weapon)
 q - a +2 vorpal morningstar
 r - a +1 vorpal broad axe
Missiles
 m - 4 boomerangs (quivered)
 B - 9 poisoned darts
Armour
 c - a +0 buckler (worn)
 s - a +0 pair of boots (worn)
 t - a +0 cloak (worn)
 u - a +4 scale mail (worn)
Jewellery
 a - a +3 ring of dexterity
 b - a +3 ring of evasion
 x - a ring of protection from fire
 y - a ring of willpower
 A - a +6 ring of dexterity
Wands
 n - a wand of flame (15)
Scrolls
 j - 2 scrolls of blinking
 l - 5 scrolls of amnesia
 v - a scroll of enchant weapon
 z - 2 scrolls of identify
 D - a scroll of fog
 E - 4 scrolls of enchant armour
 F - a scroll of fear
Potions
 d - 2 potions of might
 e - 4 potions of curing
 f - 3 potions of heal wounds
 g - 6 potions of haste
 h - 4 potions of magic
 i - a potion of berserk rage
 k - 2 potions of invisibility
 o - 3 potions of mutation
 C - 2 potions of attraction
Miscellaneous
 w - a condenser vane


   Skills:
 + Level 15.5 Fighting
 + Level 15.3 Long Blades
 + Level 12.5(14.6) Axes
 + Level 12.4(14.6) Maces & Flails
 + Level 15.5 Armour
 + Level 13.9 Dodging
 - Level 8.5 Shields
 - Level 7.7 Invocations
 + Level 0.0 Evocations


You had 10 spell levels left.
You didn't know any spells.
Your spell library was empty.

Dungeon Overview and Level Annotations

Branches:
Dungeon (1/1)

Altars:
Ashenzari
Cheibriados
Dithmenos
Elyvilon
Fedhas
Gozag
Hepliaklqana
Kikubaaqudgha
Makhleb
Nemelex Xobeh
Okawaru
Qazlal
Ru
Sif Muna
Trog
Uskayaw
Vehumet
Wu Jian
Xom
Yredelemnul
Zin
The Shining One
Beogh
Jiyva
Lugonu


Innate Abilities, Weirdness & Mutations

You have a pair of horns on your head.
You reflexively headbutt those who attack you in melee.
You are strong-willed. (Will+)


Message History

The deep elf archer unwields a +0 dagger.
The deep elf archer wields a +0 shortbow.
The deep elf archer shoots an arrow.
The arrow hits you!
* * * LOW HITPOINT WARNING * * *
You hear a twanging sound.
An arrow appears from out of thin air!
The arrow hits you.
* * * LOW HITPOINT WARNING * * *
Blink to where?
Press: ? - help, Dir - move target
As you read the scroll of blinking, it crumbles to dust.
Unknown command.
You feel much better.
The deep elf zephyrmancer points at you and mumbles some strange words.
The bolt of lightning hits you!!
* * * LOW HITPOINT WARNING * * *
You feel much better.
Unknown command.
You feel much better.
You hear a twanging sound.
An arrow appears from out of thin air!
The arrow hits you!
Unknown command.
A red film seems to cover your vision as you go berserk!
You feel yourself moving faster!
You feel mighty!
You hear some strange, mumbled words.
A shard of ice appears from out of thin air!
The shard of ice hits you!!
You hear some strange, mumbled words.
A shard of ice appears from out of thin air!
The shard of ice hits you!
You feel a strong urge to attack something.
The hell hog breathes fire at you.
The fireball explodes!
The fireball engulfs something!!
The fireball engulfs the hell hog.
The hell hog completely resists.
The fireball engulfs the hell hog.
The hell hog completely resists.
The fireball engulfs you!!
* * * LOW HITPOINT WARNING * * *
You hear some strange, mumbled words.
A shard of ice appears from out of thin air!
The shard of ice hits you!!!
You die...

###''####''############
#......##..............
#.#'##.##..............
#.#|.'.##..############ #
+E=#.##..# #|.hh##..# ##########
+..#{##..# .....##..##.##+#.##..#
.....##..##.....@##..#
.....''..##########..#
....))'..##########..#
....)##.......)......#
.....##..............#
###################### # #####
######## ################ ##
...###..'...# #...........'..#
.##...##..##...###...........#..#


You could see 2 hell hogs.

Vanquished Creatures
  An emperor scorpion (D)
  A great orb of eyes (D)
  A boulder beetle (D)
  A death yak (D)
  A shadow wraith (D)
  A sea snake (D)
  A deep troll (D)
  3 harpies (D)
  A cyclops (D)
  A smoke demon (D)
  An eye of devastation (D)
  7 elephants (D)
  A gargoyle (D)
  A molten gargoyle (D)
  Psyche (D)
  3 rime drakes (D)
  A demonic crawler (D)
  A kobold demonologist (D)
  2 trolls (D)
  A jumping spider (D)
  2 tyrant leeches (D)
  2 flying skulls (D)
  2 shadows (D)
  A fire bat (D)
  A ynoxinul (D)
  A wyvern (D)
  4 vampire mosquitoes (D)
  A chaos spawn (D)
  A floating eye (D)
  An ice beast (D)
  3 black bears (D)
  An orc warrior (D)
  A wolf (D)
  A phantom (D)
  2 centaurs (D)
  2 scorpions (D)
  An earth elemental (D)
  A wight (D)
  A crimson imp (D)
  A quasit (D)
  An orc priest (D)
  2 adders (D)
  A gnoll (D)
  A river rat (D)
  2 adder skeletons (D)
  3 orcs (D)
  A bat (D)
  A giant cockroach (D)
  A goblin (D)
  3 hobgoblins (D)
  4 jackals (D)
  A quokka (D)
  A frilled lizard (D)
  A giant cockroach simulacrum (D)
  4 kobolds (D)
  A rat (D)
89 creatures vanquished.

Vanquished Creatures (others)
  A deep elf pyromancer (D)
  An unseen horror (D)
  A hellwing (D)
3 creatures vanquished.

Grand Total: 92 creatures vanquished

Notes
Turn   | Place    | Note
-------+----------+-------------------------------------------
     0 | D        | rocky1 the Minotaur Fighter began the quest for the Orb.
     0 | D        | Reached XP level 1. HP: 19/19 MP: 0/0
    18 | D        | Found a bloodstained altar of Trog.
    18 | D        | Found a shimmering blue altar of Sif Muna.
    18 | D        | Found a viscous altar of Jiyva.
    18 | D        | Found a hazy altar of Hepliaklqana.
    18 | D        | Found an opulent altar of Gozag.
    19 | D        | Found a glowing golden altar of the Shining One.
    19 | D        | Found a glowing silver altar of Zin.
    19 | D        | Found a basalt altar of Yredelemnul.
    19 | D        | Found a shimmering altar of Xom.
    19 | D        | Found an ornate altar of the Wu Jian Council.
    19 | D        | Found a sacrificial altar of Ru.
    19 | D        | Found a stormy altar of Qazlal.
    19 | D        | Found an iron altar of Okawaru.
    19 | D        | Found a sparkling altar of Nemelex Xobeh.
    19 | D        | Found a burning altar of Makhleb.
    19 | D        | Found a blossoming altar of Fedhas.
    19 | D        | Found a white marble altar of Elyvilon.
    19 | D        | Found a shadowy altar of Dithmenos.
    19 | D        | Found a snail-covered altar of Cheibriados.
    22 | D        | Found a corrupted altar of Lugonu.
    22 | D        | Found a radiant altar of Vehumet.
    23 | D        | Found an ancient bone altar of Kikubaaqudgha.
    23 | D        | Found a hide-covered altar of Uskayaw.
    23 | D        | Found a broken altar of Ashenzari.
    27 | D        | Became a worshipper of Warmaster Okawaru
    63 | D        | Noticed a floating eye
    64 | D        | Paralysed by a floating eye for 3 turns
    69 | D        | Killed a floating eye
    69 | D        | Reached * piety under Okawaru
    70 | D        | Reached XP level 2. HP: 26/26 MP: 1/1
    70 | D        | Reached XP level 3. HP: 31/31 MP: 2/2
    70 | D        | Reached XP level 4. HP: 39/39 MP: 3/3
    88 | D        | Reached ** piety under Okawaru
    94 | D        | Noticed a phantom
   113 | D        | Killed a phantom
   114 | D        | Reached XP level 5. HP: 33/45 MP: 4/4
   362 | D        | Noticed a flying skull
   375 | D        | Killed a flying skull
   376 | D        | Reached XP level 6. HP: 41/51 MP: 5/5
   379 | D        | Reached skill level 1 in Dodging
   379 | D        | Reached skill level 1 in Invocations
   386 | D        | Noticed a flying skull
   402 | D        | Killed a flying skull
   402 | D        | Reached *** piety under Okawaru
   403 | D        | Reached skill level 5 in Fighting
   403 | D        | Reached skill level 5 in Armour
   403 | D        | Reached XP level 7. HP: 35/61 MP: 6/8
   656 | D        | Noticed a sea snake
   664 | D        | HP: 3/63 [poisoned by a sea snake]
   673 | D        | Killed a sea snake
   673 | D        | Reached **** piety under Okawaru
   674 | D        | Reached skill level 5 in Invocations
   674 | D        | Reached XP level 8. HP: 17/74 MP: 8/11
  1175 | D        | Noticed a cyclops
  1175 | D        | Noticed a rime drake
  1190 | D        | Killed a cyclops
  1192 | D        | Killed a rime drake
  1527 | D        | Reached XP level 9. HP: 60/85 MP: 13/13
  1533 | D        | Reached skill level 1 in Axes
  1533 | D        | Reached skill level 1 in Maces & Flails
  1641 | D        | Noticed a demonic crawler
  1652 | D        | Killed a demonic crawler
  1653 | D        | Reached skill level 10 in Fighting
  1653 | D        | Reached skill level 10 in Armour
  1865 | D        | Noticed an emperor scorpion
  1898 | D        | Killed an emperor scorpion
  1898 | D        | Reached ***** piety under Okawaru
  1899 | D        | Reached skill level 5 in Axes
  2210 | D        | Noticed an elephant
  2222 | D        | Killed an elephant
  2223 | D        | Reached skill level 5 in Maces & Flails
  2242 | D        | Noticed an eye of devastation
  2244 | D        | Noticed a death yak
  2252 | D        | Killed an eye of devastation
  2265 | D        | Killed a death yak
  2266 | D        | Reached skill level 10 in Dodging
  2266 | D        | Reached XP level 10. HP: 65/97 MP: 14/14
  2973 | D        | Noticed an elephant
  3010 | D        | Received a gift from Okawaru
  3145 | D        | Noticed an elephant
  3145 | D        | Noticed an elephant
  3145 | D        | Noticed an elephant
  3157 | D        | Killed an elephant
  3165 | D        | Killed an elephant
  3177 | D        | Killed an elephant
  3212 | D        | Noticed an elephant
  3221 | D        | Killed an elephant
  3221 | D        | Reached ****** piety under Okawaru
  3229 | D        | Killed an elephant
  3302 | D        | Noticed a harpy
  3310 | D        | Noticed a harpy
  3323 | D        | Noticed a harpy
  3328 | D        | Noticed a gargoyle
  3331 | D        | Identified the +1 robe of Zeru {Harm Dex+3 Slay+2 SInv}
                  | (Okawaru gifted it to you in the Dungeon)
  3331 | D        | Received a gift from Okawaru
  3332 | D        | Reached XP level 11. HP: 44/107 MP: 15/15
  3338 | D        | Killed a harpy
  3339 | D        | Reached skill level 10 in Axes
  3349 | D        | Killed a harpy
  3350 | D        | Reached skill level 10 in Maces & Flails
  3388 | D        | Killed a harpy
  3510 | D        | Noticed a boulder beetle
  3523 | D        | Noticed a deep troll
  3533 | D        | Killed a deep troll
  3861 | D        | Killed a boulder beetle
  4096 | D        | Noticed Psyche
  4105 | D        | Killed Psyche
  4393 | D        | Reached skill level 15 in Fighting
  4393 | D        | Reached skill level 15 in Armour
  4543 | D        | Killed a shadow wraith
  4544 | D        | Reached skill level 15 in Long Blades
  4771 | D        | Noticed a great orb of eyes
  4784 | D        | Paralysed by a great orb of eyes for 5 turns
  4793 | D        | Killed a great orb of eyes
  5160 | D        | Gained mutation: You are strong-willed. (Will+) [potion of
                  | mutation]
  5231 | D        | Noticed a deep elf knight
  5231 | D        | Noticed a deep elf archer
  5231 | D        | Noticed a deep elf pyromancer
  5231 | D        | Noticed a deep elf pyromancer
  5231 | D        | Noticed a deep elf zephyrmancer
  5231 | D        | Noticed a hell hog
  5231 | D        | Noticed a hell hog
  5237 | D        | HP: 4/113 [hell hog/fireball (29)]
  5237 | D        | Killed a deep elf pyromancer
  5252 | D        | Killed from afar by a deep elf knight

Illustrated notes

Levels and vault maps discovered:
D:        pitsprint [storerooms_1, entrance_room_1, metal_vault_5, armoury_2,
          mini_pit_1, grid_room_1, main_hall_1, silver_pit, the_coven_3,
          the_vestibule_1, steel_vault_3, golden_pit, hallway_of_sentries,
          crystal_vault_2, iron_vault_1, final_vault]

Skill      XL: |  1  2  3  4  5  6  7  8  9 10 11 |
---------------+----------------------------------+-----
Long Blades    | 8 11 14 15 | 15.3
Shields        | 8 |  8.5
Fighting       | 5 8 9 11 13 15 | 15.5
Armour         | 5 8 9 11 13 15 | 15.5
Dodging        | 3 6 8 10 11 13 | 13.9
Invocations    | 3 5 7 |  7.7
Axes           | 6 9 12 | 12.5
Maces & Flails | 6 9 12 | 12.4

Action                   |  1- 3 |  4- 6 |  7- 9 | 10-12 || total
-------------------------+-------+-------+-------+-------++-------
Melee: Long sword        |     5 |    43 |    46 |       ||    94
       Headbutt          |     2 |     7 |    26 |    61 ||    96
       Scimitar          |       |       |    76 |   246 ||   322
       Broad axe         |       |       |       |    10 ||    10
       Unarmed           |       |       |       |    10 ||    10
Invok: Heroism           |       |       |     3 |     2 ||     5
       Finesse           |       |       |     1 |     1 ||     2
  Use: Potion            |       |     1 |     5 |    14 ||    20
       Scroll            |       |       |       |     2 ||     2
Armor: Scale mail        |       |    12 |    30 |   119 ||   161
       Chain mail        |       |    10 |    13 |       ||    23
Dodge: Dodged            |       |    13 |    37 |   158 ||   208
Block: Buckler           |     1 |     6 |     7 |    57 ||    71

Table legend: (Time is in decaauts)
 A = Elapsed time spent in this place.
 B = Non-inter-level travel time spent in this place.
 C = Inter-level travel time spent in this place.
 D = Time resting spent in this place.
 E = Time spent auto-exploring this place.
 F = Levels seen in this place.
 G = Mean time per level.
                   A        B        C        D        E       F      G
               +--------+--------+--------+--------+--------+-----+--------+
         Total |   5126 |   5068 |     58 |   3741 |      0 |   1 | 5126.0 |
       Dungeon |   5126 |   5068 |     58 |   3741 |      0 |   1 | 5126.0 |
               +--------+--------+--------+--------+--------+-----+--------+

Top non-repeatable levels by time:
       D: 5126 daAuts
